SKY
SAN DIEGO PADRES @ COLORADO ROCKIES
05/27/2052
 
TOP OF THE 1ST
San Diego Padres batting - Pitching for Colorado Rockies : RHP Tommy Andersen
Pitching: RHP Tommy Andersen
Batting: RHB Silvio Sevilla 0-0: Called Strike
0-1: Foul Ball, location: 2RF
0-2: Foul Ball, location: 9LSF
0-2: Ground out 1-3 (Groundball, 15, EV 73.1 MPH)
Batting: SHB Dexter Greer 0-0: Ball
1-0: Ground out 4-3 (Groundball, 4, EV 84.4 MPH)
Batting: LHB Eric Ho 0-0: Ball
1-0: Foul Ball, location: 7LMF
1-1: Called Strike
1-2: Foul Ball, location: 2F
1-2: Ball
2-2: Ball
3-2: Strikes out looking
Top of the 1st over - 0 runs, 0 hits, 0 errors, 0 left on base; San Diego 0 - Colorado 0
BOTTOM OF THE 1ST
Colorado Rockies batting - Pitching for San Diego Padres : RHP Tom Sulek
Pitching: RHP Tom Sulek
Batting: RHB Kymani Whitley 0-0: Swinging Strike
0-1: Ball
1-1: Ball
2-1: Called Strike
2-2: Foul Ball, location: 9LDF
2-2: Ground out 6-3 (Groundball, 56, EV 78.8 MPH)
Batting: LHB Landon Ramsburg 0-0: Called Strike
0-1: Foul Ball, location: 2F
0-2: Ball
1-2: SINGLE (Line Drive, 9LM, EV 92.5 MPH)
Batting: RHB Henry Vandervort 0-0: Ball
1-0: Foul Ball, location: 2RF
1-1: Ball
2-1: DOUBLE (Line Drive, 78D, EV 108.8 MPH)
Landon Ramsburg to third
Batting: RHB Keiran Coleman 0-0: Ball
1-0: Ball
2-0: Ball
3-0: Foul Ball, location: 23FF
3-1: Fly out, F9 (Line Drive, 9, EV 95.6 MPH)
Runner from 3rd tags up, SCORES, throw by RF
Henry Vandervort to third
Batting: RHB Vic Soler 0-0: SINGLE (Line Drive, 7S, EV 105.0 MPH)
Henry Vandervort scores
Batting: LHB Damian Rinehart 0-0: Ball
1-0: Ball
2-0: Ball
3-0: Called Strike
3-1: Foul Ball, location: 2F
3-2: Strikes out swinging
Bottom of the 1st over - 2 runs, 3 hits, 0 errors, 1 left on base; San Diego 0 - Colorado 2
TOP OF THE 2ND
San Diego Padres batting - Pitching for Colorado Rockies : RHP Tommy Andersen
Batting: LHB Owen Chandler 0-0: Foul Ball, location: 2F
0-1: Called Strike
0-2: Ball
1-2: Strikes out swinging
Batting: RHB Trinidad Apodaca 0-0: Ball
1-0: Called Strike
1-1: Foul Ball, location: 2F
1-2: Ball
2-2: SINGLE (Line Drive, 4D, EV 95.6 MPH)
Batting: LHB Lester Flores 0-0: Ball
1-0: Ball
2-0: Swinging Strike
2-1: Foul Ball, location: 2F
2-2: Strikes out looking
Batting: RHB Des Galindo 0-0: Fly out, F9 (Flyball, 9D, EV 88.8 MPH)
Top of the 2nd over - 0 runs, 1 hit, 0 errors, 1 left on base; San Diego 0 - Colorado 2
BOTTOM OF THE 2ND
Colorado Rockies batting - Pitching for San Diego Padres : RHP Tom Sulek
Batting: LHB Dave Ramsey 0-0: Ball
1-0: Called Strike
1-1: Ball
2-1: Ball
3-1: Foul Ball, location: 23F
3-2: Strikes out swinging
Batting: RHB Matthew Stephens 0-0: Ground out 1-3 (Groundball, 15S, EV 73.1 MPH)
Batting: RHB Vincent Gadd 0-0: Called Strike
0-1: Ball
1-1: Foul Ball, location: 9LSF
1-2: Strikes out swinging
Bottom of the 2nd over - 0 runs, 0 hits, 0 errors, 0 left on base; San Diego 0 - Colorado 2
TOP OF THE 3RD
San Diego Padres batting - Pitching for Colorado Rockies : RHP Tommy Andersen
Batting: LHB Flávio Chacon 0-0: Ball
1-0: Called Strike
1-1: Called Strike
1-2: Strikes out swinging
Batting: RHB Rudy Hughes 0-0: Fly out, F8 (Line Drive, 8LD, EV 91.3 MPH)
Batting: RHB Silvio Sevilla 0-0: Ball
1-0: Ball
2-0: Foul Ball, location: 5F
2-1: Called Strike
2-2: Strikes out looking
Top of the 3rd over - 0 runs, 0 hits, 0 errors, 0 left on base; San Diego 0 - Colorado 2
BOTTOM OF THE 3RD
Colorado Rockies batting - Pitching for San Diego Padres : RHP Tom Sulek
Batting: RHB Kymani Whitley 0-0: Ball
1-0: Called Strike
1-1: Ground out 6-3 (Groundball, 56, EV 81.3 MPH)
Batting: LHB Landon Ramsburg 0-0: Ball
1-0: Ball
2-0: Ball
3-0: Called Strike
3-1: Called Strike
3-2: SINGLE (Groundball, 6S, EV 68.1 MPH) (infield hit)
Batting: RHB Henry Vandervort 0-0: Ball
1-0: Foul Ball, location: 2F
1-1: Ball
2-1: SINGLE (Groundball, 34D, EV 94.4 MPH)
Landon Ramsburg to second
Runner from 2nd tries for 3rd, SAFE, no throw by RF
Batting: RHB Keiran Coleman 0-0: Ball
1-0: Called Strike
1-1: Swinging Strike
1-2: Strikes out swinging
Batting: RHB Vic Soler 0-0: Ball
1-0: Called Strike
1-1: Hit by Pitch
Henry Vandervort to second
Batting: LHB Damian Rinehart 0-0: Ball
1-0: Called Strike
1-1: Ground out 1-3 (Groundball, 13, EV 66.9 MPH)
Bottom of the 3rd over - 0 runs, 2 hits, 0 errors, 3 left on base; San Diego 0 - Colorado 2
TOP OF THE 4TH
San Diego Padres batting - Pitching for Colorado Rockies : RHP Tommy Andersen
Batting: SHB Dexter Greer 0-0: Ball
1-0: Foul Ball, location: 3F
1-1: Foul Ball, location: 2F
1-2: Ball
2-2: Strikes out looking
Batting: LHB Eric Ho 0-0: Ground out 4-3 (Groundball, 4, EV 102.5 MPH)
Batting: LHB Owen Chandler 0-0: Ball
1-0: Foul Ball, location: 2F
1-1: Ball
2-1: Fly out, F5 (Popup, 5SF, EV 73.1 MPH)
Top of the 4th over - 0 runs, 0 hits, 0 errors, 0 left on base; San Diego 0 - Colorado 2
BOTTOM OF THE 4TH
Colorado Rockies batting - Pitching for San Diego Padres : RHP Tom Sulek
Batting: LHB Dave Ramsey 0-0: Fly out, F7 (Flyball, 78M, EV 93.8 MPH)
Batting: RHB Matthew Stephens 0-0: Called Strike
0-1: Ball
1-1: Ball
2-1: Fly out, F7 (Flyball, 7LSF, EV 78.8 MPH)
Batting: RHB Vincent Gadd 0-0: Ground out 5-3 (Groundball, 5, EV 82.5 MPH)
Bottom of the 4th over - 0 runs, 0 hits, 0 errors, 0 left on base; San Diego 0 - Colorado 2
TOP OF THE 5TH
San Diego Padres batting - Pitching for Colorado Rockies : RHP Tommy Andersen
Batting: RHB Trinidad Apodaca 0-0: Fly out, F5 (Line Drive, 5, EV 73.1 MPH)
Batting: LHB Lester Flores 0-0: Ball
1-0: Foul Ball, location: 7LSF
1-1: Ball
2-1: Swinging Strike
2-2: SOLO HOME RUN (Flyball, 9D, EV 97.5 MPH), Distance : 372 ft
Batting: RHB Des Galindo 0-0: Called Strike
0-1: Foul Ball, location: 3FF
0-2: Strikes out swinging
Batting: LHB Flávio Chacon 0-0: Foul Ball, location: 5F
0-1: SINGLE (Flyball, 78S, EV 93.8 MPH)
Batting: RHB Rudy Hughes 0-0: Fielders Choice at 2nd, 6-4 (Groundball, 6, EV 88.1 MPH)
Top of the 5th over - 1 run, 2 hits, 0 errors, 1 left on base; San Diego 1 - Colorado 2
BOTTOM OF THE 5TH
Colorado Rockies batting - Pitching for San Diego Padres : RHP Tom Sulek
Batting: RHB Kymani Whitley 0-0: Ball
1-0: Ball
2-0: Ball
3-0: Called Strike
3-1: Foul Ball, location: 2F
3-2: SINGLE (Groundball, 4D, EV 103.8 MPH)
Batting: LHB Landon Ramsburg 0-0: Ball
1-0: SINGLE (Groundball, 34D, EV 103.1 MPH)
Kymani Whitley to second
Runner from 2nd tries for 3rd, SAFE, throw by RF made to third
Batting: RHB Henry Vandervort 0-0: SINGLE (Groundball, 4MD, EV 100.0 MPH)
Kymani Whitley scores
Landon Ramsburg to second
Batting: RHB Keiran Coleman 0-0: Ball
1-0: Called Strike
1-1: Foul Ball, location: 5FF
1-2: Fly out, F8 (Line Drive, 8RD, EV 85.6 MPH)
Batting: RHB Vic Soler 0-0: Swinging Strike
0-1: Ball
1-1: Ball
2-1: Foul Ball, location: 5F
2-2: Fly out, F7 (Flyball, 7LSF, EV 96.3 MPH)
Batting: LHB Damian Rinehart 0-0: Ball
1-0: 3-RUN HOME RUN (Flyball, 89XD, EV 100.6 MPH), Distance : 426 ft
Pitching: RHP Alexander Magnússon
Batting: LHB Dave Ramsey 0-0: Fly out, F8 (Flyball, 8LD, EV 83.1 MPH)
Bottom of the 5th over - 4 runs, 4 hits, 0 errors, 0 left on base; San Diego 1 - Colorado 6
TOP OF THE 6TH
San Diego Padres batting - Pitching for Colorado Rockies : RHP Tommy Andersen
Batting: RHB Silvio Sevilla 0-0: Foul Ball, location: 2F
0-1: Called Strike
0-2: Fly out, F3 (Line Drive, 3, EV 69.4 MPH)
Batting: SHB Dexter Greer 0-0: Foul Ball, location: 3FF
0-1: Ball
1-1: Called Strike
1-2: Ball
2-2: Strikes out swinging
Batting: LHB Eric Ho 0-0: Ball
1-0: Ball
2-0: Called Strike
2-1: Ball
3-1: Base on Balls
Batting: LHB Owen Chandler 0-0: Ball
1-0: SINGLE (Flyball, 9LS, EV 98.1 MPH)
Eric Ho to second
Batting: RHB Trinidad Apodaca 0-0: Ball
1-0: Swinging Strike
1-1: Swinging Strike
1-2: Strikes out swinging
Top of the 6th over - 0 runs, 1 hit, 0 errors, 2 left on base; San Diego 1 - Colorado 6
BOTTOM OF THE 6TH
Colorado Rockies batting - Pitching for San Diego Padres : RHP Alexander Magnússon
Batting: RHB Matthew Stephens 0-0: Called Strike
0-1: Ball
1-1: Foul Ball, location: 9LDF
1-2: Ground out 5-3 (Groundball, 56, EV 85.0 MPH)
Batting: RHB Vincent Gadd 0-0: Called Strike
0-1: Ball
1-1: Swinging Strike
1-2: Ball
2-2: Strikes out swinging
Batting: RHB Kymani Whitley 0-0: Called Strike
0-1: Ball
1-1: Fly out, F3 (Popup, 23F, EV 86.3 MPH)
Bottom of the 6th over - 0 runs, 0 hits, 0 errors, 0 left on base; San Diego 1 - Colorado 6
TOP OF THE 7TH
San Diego Padres batting - Pitching for Colorado Rockies : RHP Tommy Andersen
Batting: LHB Lester Flores 0-0: Ball
1-0: Ball
2-0: Foul Ball, location: 2F
2-1: Swinging Strike
2-2: Strikes out looking
Pitching: RHP Eric Wilson
Batting: RHB Des Galindo 0-0: Ball
1-0: Ball
2-0: Called Strike
2-1: Swinging Strike
2-2: Ball
3-2: Foul Ball, location: 2F
3-2: Strikes out swinging
Batting: LHB Flávio Chacon 0-0: Ball
1-0: Fly out, F9 (Flyball, 89M, EV 92.5 MPH)
Top of the 7th over - 0 runs, 0 hits, 0 errors, 0 left on base; San Diego 1 - Colorado 6
BOTTOM OF THE 7TH
Colorado Rockies batting - Pitching for San Diego Padres : RHP Alexander Magnússon
Batting: LHB Landon Ramsburg 0-0: Ball
1-0: Ball
2-0: Called Strike
2-1: Ball
3-1: Base on Balls
Batting: RHB Henry Vandervort 0-0: SINGLE (Line Drive, 9S, EV 106.3 MPH)
Landon Ramsburg to second
Batting: RHB Keiran Coleman 0-0: Called Strike
0-1: Foul Ball, location: 2F
0-2: Ball
1-2: Foul Ball, location: 2F
1-2: Strikes out swinging
Batting: RHB Vic Soler 0-0: Ball
1-0: Ball
2-0: DOUBLE (Flyball, 78XD, EV 96.9 MPH)
Landon Ramsburg scores
Henry Vandervort to third
Runner from 3rd tries for Home, SAFE, no throw by LF
Batting: LHB Damian Rinehart 0-0: Ball
1-0: SINGLE (Popup, 34D, EV 50.6 MPH)
Vic Soler to third
Batting: LHB Dave Ramsey 0-0: Foul Ball, location: 25F
0-1: Swinging Strike
0-2: Ball
1-2: Hit by Pitch
Damian Rinehart to second
Batting: RHB Matthew Stephens 0-0: Fly out, F9 (Line Drive, 9, EV 88.1 MPH)
Runner from 3rd tags up, SCORES, throw by RF
Damian Rinehart to third
Batting: RHB Vincent Gadd 0-0: Swinging Strike
0-1: Foul Ball, location: 2F
0-2: Foul Ball, location: 9LSF
0-2: Ball
1-2: Strikes out looking
Bottom of the 7th over - 3 runs, 3 hits, 0 errors, 2 left on base; San Diego 1 - Colorado 9
TOP OF THE 8TH
San Diego Padres batting - Pitching for Colorado Rockies : RHP Eric Wilson
Batting: RHB Rudy Hughes 0-0: Called Strike
0-1: Foul Ball, location: 9LMF
0-2: Foul Ball, location: 2F
0-2: SINGLE (Groundball, 34D, EV 105.6 MPH)
Batting: RHB Silvio Sevilla 0-0: Ball
1-0: Ball
2-0: Ball
3-0: Foul Ball, location: 2F
3-1: Called Strike
3-2: Strikes out swinging
Batting: SHB Dexter Greer 0-0: Ball
1-0: Swinging Strike
1-1: Foul Ball, location: 5F
1-2: Ball
2-2: Ball
3-2: Fielders Choice at 2nd, 6-4 (Groundball, 6, EV 84.4 MPH)
Batting: LHB Eric Ho 0-0: Ball
1-0: Foul Ball, location: 2F
1-1: Ball
2-1: Foul Ball, location: 5F
2-2: Ball
3-2: Base on Balls
Dexter Greer to second
Batting: LHB Owen Chandler 0-0: Ball
1-0: Swinging Strike
1-1: Ball
2-1: Ball
3-1: Foul Ball, location: 2F
3-2: 3-RUN HOME RUN (Flyball, 7D, EV 97.5 MPH), Distance : 371 ft
Pitching: RHP Tanner Berg
Batting: RHB Trinidad Apodaca 0-0: Ball
1-0: SINGLE (Line Drive, 4MD, EV 100.0 MPH)
Batting: LHB Lester Flores 0-0: Called Strike
0-1: Foul Ball, location: 2F
0-2: Foul Ball, location: 2F
0-2: Ball
1-2: Foul Ball, location: 7LDF
1-2: Ball
2-2: Ground out 4-3 (Groundball, 3, EV 84.4 MPH)
Top of the 8th over - 3 runs, 3 hits, 0 errors, 1 left on base; San Diego 4 - Colorado 9
BOTTOM OF THE 8TH
Colorado Rockies batting - Pitching for San Diego Padres : RHP Alexander Magnússon
Batting: RHB Kymani Whitley 0-0: Ground out 4-3 (Groundball, 4, EV 78.8 MPH)
Batting: LHB Landon Ramsburg 0-0: Ball
1-0: Ball
2-0: Ball
3-0: Called Strike
3-1: Called Strike
3-2: Foul Ball, location: 2F
3-2: SINGLE (Line Drive, 78S, EV 103.8 MPH)
Batting: RHB Henry Vandervort 0-0: Ball
1-0: Ball
2-0: Ball
3-0: Called Strike
3-1: Grounds into double play, 6-4-3 (Groundball, 6MD, EV 95.6 MPH)
Bottom of the 8th over - 0 runs, 1 hit, 0 errors, 0 left on base; San Diego 4 - Colorado 9
TOP OF THE 9TH
San Diego Padres batting - Pitching for Colorado Rockies : RHP Tanner Berg
Batting: RHB Des Galindo 0-0: Ball
1-0: Called Strike
1-1: Ground out 3-1 (Groundball, 34, EV 106.3 MPH)
Batting: LHB Flávio Chacon 0-0: Fly out, F3 (Popup, 3F, EV 80.6 MPH)
Batting: RHB Rudy Hughes 0-0: DOUBLE (Line Drive, 89D, EV 88.8 MPH)
Batting: RHB Silvio Sevilla 0-0: Called Strike
0-1: Swinging Strike
0-2: Ball
1-2: Ball
2-2: Reached on error, E5 (Groundball, 5L, EV 80.0 MPH)
Batting: SHB Dexter Greer 0-0: Ball
1-0: Called Strike
1-1: Ball
2-1: Foul Ball, location: 2F
2-2: Foul Ball, location: 7LDF
2-2: Foul Ball, location: 23F
2-2: Foul Ball, location: 2F
2-2: Ball
3-2: Ground out U3 (Groundball, 3, EV 110.6 MPH)
Top of the 9th over - 0 runs, 1 hit, 1 error, 2 left on base; San Diego 4 - Colorado 9
Tuesday, April 23rd , 2024 - OOTP Baseball 24.11 Build 85